Map: Thunderbird LE

Players

Cure

  • Race: Terran Terran
  • League: Master
  • Spawn Location: 11:00

DPGPartinG (PartinG) - Winner!

  • Race: Protoss Protoss
  • League: Master
  • Spawn Location: 5:00

Event: HomeStory Cup XX

VOD

Have the link to the VOD?

Description

Time

  • Played on: Nov. 23, 2019, 4:24 p.m.
  • Length: 12:09

All games in this series

Show
View Real Time Build Order
Export as new Build Order

Cure Terran 

Build Orders: Gas First Reaper Expand 

Get SALT Encoding   

  12  0:00  SCV  
  13  0:12  SCV  
  14  0:17  Supply Depot  
  14  0:24  SCV  
  14  0:27  Refinery  
  15  0:38  SCV  
  16  0:43  Barracks  
  16  0:50  SCV  
  17  1:02  SCV  
  18  1:14  SCV  
  19  1:30  Orbital Command  
  19  1:31  Reaper  
  20  1:42  Command Center  
  20  1:57  SCV  
  20  1:59  Factory  
  21  2:05  Barracks Reactor  
  21  2:09  SCV  
  21  2:12  Supply Depot  
  21  2:15  Refinery  
  22  2:21  SCV  
  23  2:34  SCV  
  24  2:42  Marine x2  
  24  2:43  Hellion  
  28  2:46  Starport  
  28  2:47  SCV  
  29  2:53  Orbital Command  
  29  2:59  SCV  
  29  3:01  Marine x2  
  31  3:09  Widow Mine  
  31  3:11  SCV  
  33  3:19  Marine x2  
  35  3:21  SCV  
  35  3:23  Medivac  
  35  3:25  SCV  
  39  3:32  Supply Depot  
  39  3:33  Widow Mine  
  41  3:36  SCV  
  41  3:38  Marine x2  
  44  3:46  Barracks  
  44  3:47  SCV  
  45  3:49  SCV  
  46  3:57  Marine  
  46  3:58  Marine  
  46  4:00  SCV  
  46  4:01  SCV  
  46  4:02  Barracks  
  50  4:07  Supply Depot  
  50  4:08  Starport Tech Lab, Factory Tech Lab  
  50  4:12  SCV  
  50  4:13  SCV  
  52  4:18  Marine x2  
  52  4:20  Supply Depot  
  54  4:29  SCV x2  
  56  4:40  Marine  
  56  4:41  Marine, SCV x2  
  56  4:54  Stimpack  
  56  4:55  Marauder  
  56  4:56  Starport Reactor, Factory Reactor  
  56  4:58  Engineering Bay  
  55  5:02  Marine x2  
  55  5:03  Marauder, Concussive Shells  
  55  5:04  SCV  
  55  5:05  SCV  
  61  5:11  Supply Depot  
  61  5:12  Supply Depot  
  61  5:16  Command Center  
  61  5:18  SCV x2  
  63  5:22  Marauder  
  63  5:24  Marauder  
  63  5:27  Terran Infantry Weapons Level 1  
  63  5:28  Marine x2  
  69  5:31  SCV  
  69  5:32  SCV  
  69  5:35  Supply Depot  
  71  5:39  Supply Depot  
  71  5:45  Combat Shield  
  71  5:46  SCV x2  
  72  5:55  Marine x2, Marauder x2  
  72  5:56  Medivac  
  72  5:57  Medivac  
  80  5:58  Widow Mine  
  80  6:01  Refinery  
  80  6:02  Refinery  
  80  6:03  Widow Mine  
  84  6:06  Supply Depot  
  84  6:08  SCV x2  
  86  6:18  Barracks  
  86  6:20  Barracks, SCV x2  
  86  6:24  Marine, Marauder  
  86  6:25  Marauder  
  93  6:31  Medivac  
  95  6:34  Orbital Command  
  95  6:37  SCV x2  
  97  6:41  Widow Mine, Medivac  
  97  6:43  Widow Mine  
  103  6:49  Marauder, SCV x2  
  103  6:50  Marauder  
  103  6:51  Marine  
  110  6:58  Marine  
  110  7:00  SCV  
  112  7:01  SCV x2  
  112  7:05  Barracks Tech Lab  
  114  7:09  Liberator x2  
  114  7:12  SCV  
  114  7:13  Supply Depot, SCV  
  114  7:14  Supply Depot  
  115  7:15  SCV  
  113  7:24  SCV  
  113  7:26  Refinery x2, SCV  
  113  7:27  SCV  
  113  7:29  Fusion Core  
  122  7:36  SCV  
  123  7:37  Supply Depot  
  123  7:38  SCV  
  123  7:39  Terran Infantry Armor Level 1  
  123  7:40  SCV  
  123  7:41  Marine x3, Marauder x2  
  132  7:48  SCV  
  132  7:50  Supply Depot, SCV  
  134  7:52  SCV  
  134  7:53  Liberator  
  134  7:54  Factory Reactor  
  134  7:56  Starport  
  135  8:00  SCV  
  135  8:02  SCV  
  135  8:04  SCV  
  133  8:06  Marine x4, Marauder x2  
  133  8:07  Marauder  
  143  8:13  SCV  
  143  8:19  Advanced Ballistics  
  144  8:25  Marine x3  
  144  8:26  Supply Depot, Command Center, Armory  
  147  8:27  Engineering Bay  
  147  8:35  Liberator x3  
  147  8:37  SCV x3  
  150  8:45  Missile Turret  
  150  8:46  Missile Turret  
  150  8:48  Missile Turret  
  150  8:54  SCV x3  
  150  8:55  Refinery  
  162  8:58  Refinery  
  162  8:59  Supply Depot  
  162  9:03  Liberator  
  162  9:08  SCV x2  
  162  9:09  SCV  
  165  9:14  Supply Depot x2  
  165  9:16  Terran Infantry Weapons Level 2  
  165  9:18  Terran Ship Weapons Level 1, Liberator x2  
  165  9:23  Barracks  
  168  9:25  Barracks  
  167  9:32  Barracks  
  173  9:44  Marauder x3, Marine x4  
  183  9:51  Planetary Fortress  
  183  9:55  SCV x3  
  182  10:03  Marine x4  
  182  10:05  Marauder x3  
  190  10:12  Marine x2  
  192  10:21  Marine x2  
  192  10:26  Marauder x2  
  172  10:36  Marine x2  
  172  10:37  Marine x2, Marauder  
  172  10:40  Liberator  
  172  10:47  Marine x3  
  172  10:48  Marauder x2  
  166  10:54  Marine x4  
  166  10:56  Medivac  
  145  10:57  Medivac x2  
  145  10:58  Marauder  
  151  11:07  Marine  
  151  11:09  Marine  
  151  11:11  Marine  
  147  11:12  Marine  
  147  11:13  Marauder  
  144  11:20  Marine  
  144  11:21  Marauder x2  
  131  11:26  Marine x3  
  131  11:27  Marine  
  131  11:29  Marine  
  131  11:30  Marine  
  109  11:34  Marauder  
  109  11:38  Marine  
  95  11:43  Marauder, Marine x2  
  95  11:44  Marine  
  99  11:49  Marine x2  
Show
View Real Time Build Order
Export as new Build Order

DPGPartinG Protoss - Winner!

Build Orders: 1 Gate Expand, Blink Stalkers 

Get SALT Encoding   

  12  0:00  Probe  
  13  0:12  Probe  
  14  0:17  Pylon  
  14  0:24  Probe  
  15  0:32  Probe  
  15  0:37  Gateway  
  15  0:40  Probe  
  16  0:45  Assimilator  
  17  0:51  Probe  
  18  1:03  Probe  
  19  1:15  Probe  
  20  1:23  Cybernetics Core  
  20  1:32  Nexus  
  20  1:35  Probe  
  21  1:43  Pylon  
  21  1:47  Assimilator  
  21  1:50  Probe  
  21  1:51  Adept  
  24  2:02  Warp Gate  
  24  2:03  Probe  
  25  2:11  Stalker  
  26  2:15  Probe  
  27  2:26  Twilight Council  
  27  2:29  Probe  
  28  2:41  Stalker, Probe  
  28  2:42  Probe  
  31  2:46  Blink  
  31  2:50  Probe  
  32  2:53  Probe  
  34  2:58  Probe  
  35  3:11  Probe  
  35  3:12  Probe  
  35  3:20  Pylon  
  35  3:23  Probe  
  35  3:24  Probe, Robotics Facility  
  37  3:33  Gateway  
  37  3:35  Probe  
  37  3:36  Probe  
  39  3:48  Probe x2  
  41  3:58  Stalker, Nexus  
  41  4:01  Probe x2  
  45  4:07  Pylon, Observer  
  45  4:10  Assimilator  
  45  4:13  Probe x2  
  48  4:18  Pylon  
  48  4:23  Stalker  
  50  4:25  Observer, Probe x2  
  50  4:30  Pylon  
  53  4:32  Stalker  
  53  4:37  Probe  
  53  4:38  Probe  
  52  4:47  Stalker  
  48  4:54  Probe x2  
  48  4:57  Stalker  
  50  5:04  Probe  
  50  5:06  Probe  
  51  5:07  Probe  
  51  5:12  Probe  
  53  5:15  Probe  
  53  5:16  Probe  
  53  5:17  Observer  
  53  5:20  Assimilator  
  57  5:24  Probe x2  
  57  5:25  Probe  
  60  5:33  Robotics Bay, Probe  
  58  5:36  Probe  
  58  5:37  Probe  
  58  5:41  Pylon  
  61  5:45  Probe  
  61  5:48  Probe  
  61  5:49  Probe  
  62  5:57  Probe  
  62  6:00  Probe, Gateway  
  62  6:01  Gateway  
  64  6:04  Pylon  
  64  6:06  Probe  
  64  6:07  Colossus  
  64  6:08  Stalker x2  
  64  6:09  Probe  
  70  6:13  Forge, Probe  
  70  6:18  Probe  
  72  6:23  Probe  
  72  6:25  Probe  
  80  6:29  Shield Battery, Protoss Ground Weapons Level 1  
  80  6:30  Extended Thermal Lance  
  80  6:32  Sentry  
  82  6:34  Probe  
  82  6:35  Probe  
  82  6:37  Probe  
  82  6:39  Sentry  
  87  6:42  Gateway  
  87  6:43  Observer  
  87  6:44  Gateway  
  87  6:59  Sentry  
  87  7:00  Stalker  
  87  7:01  Probe x3  
  92  7:04  Pylon  
  92  7:06  Observer  
  90  7:09  Shield Battery  
  90  7:10  Stalker x2  
  90  7:13  Probe  
  95  7:17  Assimilator  
  86  7:23  Assimilator  
  86  7:25  Probe x3  
  86  7:26  Colossus  
  86  7:29  Stalker x2  
  93  7:40  Gateway  
  93  7:41  Gateway  
  93  7:44  Probe  
  100  7:47  Probe  
  100  7:49  Probe  
  102  7:54  Pylon  
  102  7:56  Zealot x5  
  112  7:59  Probe  
  103  8:09  Probe x2  
  103  8:10  Warp Prism  
  103  8:11  Probe  
  106  8:16  Stalker  
  106  8:17  Stalker  
  110  8:23  Probe  
  110  8:24  Probe x2  
  115  8:27  Protoss Ground Armor Level 1, Stalker x2  
  115  8:31  Observer  
  119  8:35  Charge  
  119  8:36  Zealot x3  
  119  8:39  Observer  
  125  8:45  Templar Archives  
  125  8:50  Pylon  
  125  8:52  Pylon  
  125  8:54  Pylon  
  124  9:07  Pylon  
  124  9:08  Pylon  
  124  9:11  Stalker x6  
  124  9:12  Psionic Storm  
  136  9:24  Nexus  
  136  9:34  High Templar x4  
  144  9:39  Observer  
  144  9:55  Zealot x3  
  144  9:56  Zealot  
  148  10:08  Zealot x4  
  148  10:13  Disruptor  
  156  10:21  High Templar x4  
  144  10:38  Zealot x4  
  126  10:47  Archon  
  108  10:56  Zealot x4  
  114  11:00  Zealot x4  
  110  11:21  Stalker x6  
  104  11:36  Probe  
  97  11:41  Pylon  
  97  11:50  Stalker x4  
Tags
 
Add a new tag
Caveats
  • Supply blocks, unpowered buildings, or Contaminate may cause inaccurate times.
  • Supply counts are checked every 10 seconds.